[ AOE2 MATCH · #505056005 ]
UnrankedPersians vs Gurjaras
Player's team · WIN
Rival team · LOSS
[ REPLAY ANALYSIS · EXTRACTED FROM THE RECORDED GAME ]
Feudal
10:48
Castle
25:59
Imperial
—
| APM avg | 43.2 |
| APM peak | 75 |
| eAPM avg | 21.1 |
| Villagers / military | 72 / 60 |
Focus
⚔️ 43.3% · 🌾 56.7%
Militia ×43 · Skirmisher ×17
Feudal
11:22
Castle
24:51
Imperial
—
| APM avg | 83.6 |
| APM peak | 120 |
| eAPM avg | 30.8 |
| Villagers / military | 52 / 45 |
Focus
⚔️ 37.9% · 🌾 62.1%
Skirmisher ×20 · Militia ×14 · Shrivamsha Rider ×11
Match map
Initial resources + every placement click. Lines = walls · curves = elevation contours. ◆ gold · ⬟ stone · ● berries · ✦ relic · ◌ wall gap
Your base· Open — 5t gap
_Platense's base· Open — 2t gap
Smoothed initial terrain · ◌ = detected wall gap · hover for details
Inputs per minute
— MatzeAoE - - _Platense
Build order — MatzeAoE
First 150 of 219 actions detected
| 0:00 | Create | Villager (Male) |
| 0:01 | Create | Villager (Male) |
| 0:02 | Build | House |
| 0:04 | Build | House |
| 0:07 | Create | Villager (Male) |
| 0:07 | Create | Villager (Male) |
| 0:12 | Create | Villager (Male) |
| 0:12 | Create | Villager (Male) |
| 1:24 | Create | Villager (Male) |
| 1:24 | Create | Villager (Male) |
| 1:49 | Create | Villager (Male) |
| 2:35 | Create | Villager (Male) |
| 2:38 | Create | Villager (Male) |
| 2:39 | Create | Villager (Male) |
| 2:59 | Build | House |
| 3:09 | Create | Villager (Male) |
| 3:21 | Create | Villager (Male) |
| 3:39 | Create | Villager (Male) |
| 3:53 | Create | Villager (Male) |
| 3:59 | Create | Villager (Male) |
| 3:59 | Create | Villager (Male) |
| 4:02 | Research | Loom |
| 4:03 | Create | Villager (Male) |
| 4:08 | Create | Villager (Male) |
| 4:48 | Create | Villager (Male) |
| 5:03 | Create | Villager (Male) |
| 5:03 | Create | Villager (Male) |
| 5:09 | Create | Villager (Male) |
| 5:36 | Create | Villager (Male) |
| 6:42 | Create | Villager (Male) |
| 6:42 | Create | Villager (Male) |
| 6:43 | Create | Villager (Male) |
| 6:43 | Create | Villager (Male) |
| 6:51 | Build | House |
| 6:54 | Create | Villager (Male) |
| 6:54 | Create | Villager (Male) |
| 7:01 | Build | Lumber Camp |
| 7:56 | Build | Barracks |
| 8:42 | Research | Feudal Age |
| 8:55 | Create | Militia |
| 8:55 | Create | Militia |
| 9:07 | Build | Mill |
| 9:18 | Create | Militia |
| 9:24 | Build | House |
| 9:59 | Build | Mining Camp |
| 10:18 | Create | Villager (Male) |
| 10:31 | Build | House |
| 10:32 | Build | House |
| 10:36 | Create | Militia |
| 10:36 | Create | Militia |
| 10:36 | Create | Militia |
| 10:48 | Age | Feudal Age |
| 11:01 | Create | Villager (Male) |
| 11:24 | Research | Man-at-Arms (upgrade) |
| 11:26 | Create | Villager (Male) |
| 11:34 | Create | Villager (Male) |
| 11:48 | Create | Villager (Male) |
| 11:52 | Create | Militia |
| 11:55 | Build | House |
| 12:11 | Create | Villager (Male) |
| 12:13 | Build | Archery Range |
| 12:28 | Research | Arson |
| 12:37 | Create | Villager (Male) |
| 12:49 | Create | Villager (Male) |
| 13:01 | Create | Skirmisher |
| 13:01 | Create | Skirmisher |
| 13:01 | Create | Skirmisher |
| 13:08 | Create | Villager (Male) |
| 13:30 | Create | Militia |
| 13:30 | Create | Militia |
| 13:36 | Build | Lumber Camp |
| 14:00 | Create | Villager (Male) |
| 14:14 | Build | Farm |
| 14:14 | Build | Farm |
| 14:14 | Build | Farm |
| 14:15 | Build | Farm |
| 14:15 | Build | Farm |
| 14:33 | Create | Villager (Male) |
| 14:44 | Create | Skirmisher |
| 14:50 | Build | Farm |
| 15:05 | Create | Villager (Male) |
| 15:05 | Create | Villager (Male) |
| 15:11 | Build | Farm |
| 15:22 | Create | Skirmisher |
| 15:23 | Create | Skirmisher |
| 15:26 | Create | Villager (Male) |
| 15:28 | Create | Militia |
| 15:28 | Create | Militia |
| 15:29 | Create | Militia |
| 15:42 | Build | House |
| 16:00 | Create | Villager (Male) |
| 16:11 | Build | Farm |
| 16:13 | Build | Farm |
| 16:14 | Create | Villager (Male) |
| 16:17 | Build | Farm |
| 16:18 | Build | Farm |
| 16:19 | Build | Farm |
| 16:24 | Create | Villager (Male) |
| 16:27 | Create | Skirmisher |
| 16:27 | Create | Skirmisher |
| 16:41 | Research | Double-Bit Axe |
| 16:41 | Research | Double-Bit Axe |
| 16:42 | Create | Villager (Male) |
| 17:05 | Create | Villager (Male) |
| 17:08 | Build | Farm |
| 17:09 | Build | Farm |
| 17:11 | Build | Farm |
| 17:17 | Create | Skirmisher |
| 17:18 | Create | Skirmisher |
| 17:32 | Create | Militia |
| 17:32 | Create | Militia |
| 17:37 | Build | House |
| 17:37 | Build | House |
| 17:41 | Build | Farm |
| 17:51 | Create | Villager (Male) |
| 17:57 | Create | Skirmisher |
| 18:06 | Build | Blacksmith |
| 18:12 | Build | House |
| 18:16 | Create | Villager (Male) |
| 18:20 | Create | Villager (Male) |
| 18:25 | Build | Mill |
| 18:28 | Create | Villager (Male) |
| 19:10 | Create | Villager (Male) |
| 19:31 | Create | Villager (Male) |
| 19:32 | Create | Militia |
| 19:33 | Create | Skirmisher |
| 19:34 | Create | Skirmisher |
| 19:41 | Create | Militia |
| 19:43 | Create | Villager (Male) |
| 19:48 | Research | Fletching |
| 19:48 | Research | Fletching |
| 20:04 | Create | Villager (Male) |
| 20:15 | Create | Militia |
| 20:15 | Create | Skirmisher |
| 20:27 | Create | Villager (Male) |
| 20:36 | Build | Mill |
| 20:36 | Build | Farm |
| 20:39 | Build | Farm |
| 20:39 | Build | Farm |
| 20:39 | Build | Farm |
| 20:40 | Build | Farm |
| 20:40 | Build | Farm |
| 20:40 | Build | Farm |
| 20:41 | Build | Farm |
| 20:41 | Build | Farm |
| 20:41 | Build | Farm |
| 20:41 | Build | Farm |
| 20:44 | Research | Horse Collar |
| 20:44 | Research | Horse Collar |
| 20:45 | Create | Villager (Male) |
Build order — _Platense
First 150 of 183 actions detected
| 0:01 | Create | Villager (Male) |
| 0:02 | Build | House |
| 0:05 | Build | House |
| 0:07 | Create | Villager (Male) |
| 0:10 | Create | Villager (Male) |
| 0:12 | Create | Villager (Male) |
| 0:12 | Create | Villager (Male) |
| 0:29 | Build | Mill |
| 1:37 | Create | Villager (Male) |
| 2:01 | Create | Villager (Male) |
| 2:01 | Create | Villager (Male) |
| 2:24 | Create | Villager (Male) |
| 2:24 | Create | Villager (Male) |
| 2:40 | Create | Villager (Male) |
| 3:13 | Build | Lumber Camp |
| 3:16 | Create | Villager (Male) |
| 3:16 | Create | Villager (Male) |
| 3:27 | Create | Villager (Male) |
| 3:27 | Create | Villager (Male) |
| 3:49 | Build | House |
| 3:56 | Create | Villager (Male) |
| 3:56 | Create | Villager (Male) |
| 3:58 | Create | Villager (Male) |
| 3:58 | Create | Villager (Male) |
| 4:14 | Build | Outpost |
| 4:24 | Create | Villager (Male) |
| 4:24 | Create | Villager (Male) |
| 4:25 | Build | Palisade Wall |
| 4:26 | Build | Palisade Wall |
| 4:32 | Build | Palisade Wall |
| 4:34 | Build | Palisade Wall |
| 4:37 | Create | Villager (Male) |
| 5:07 | Research | Loom |
| 5:45 | Create | Villager (Male) |
| 5:59 | Create | Villager (Male) |
| 6:00 | Create | Villager (Male) |
| 6:13 | Create | Villager (Male) |
| 7:10 | Create | Villager (Male) |
| 7:51 | Create | Villager (Male) |
| 8:18 | Create | Villager (Male) |
| 8:35 | Build | House |
| 8:45 | Create | Villager (Male) |
| 8:56 | Build | Barracks |
| 9:11 | Research | Feudal Age |
| 9:11 | Research | Feudal Age |
| 9:31 | Build | Palisade Wall |
| 9:32 | Build | House |
| 10:02 | Create | Militia |
| 10:29 | Build | Mining Camp |
| 10:32 | Create | Militia |
| 11:09 | Build | Palisade Wall |
| 11:10 | Build | Palisade Wall |
| 11:15 | Build | Palisade Wall |
| 11:20 | Build | Palisade Wall |
| 11:21 | Build | Palisade Wall |
| 11:22 | Age | Feudal Age |
| 11:23 | Build | Palisade Wall |
| 11:25 | Create | Villager (Male) |
| 11:30 | Build | Archery Range |
| 11:36 | Research | Double-Bit Axe |
| 11:47 | Build | House |
| 11:54 | Create | Militia |
| 11:54 | Create | Militia |
| 11:55 | Create | Villager (Male) |
| 11:57 | Build | Palisade Wall |
| 12:18 | Research | Man-at-Arms (upgrade) |
| 12:19 | Research | Man-at-Arms (upgrade) |
| 12:19 | Create | Villager (Male) |
| 12:22 | Create | Skirmisher |
| 12:25 | Build | Farm |
| 12:27 | Build | Farm |
| 12:37 | Build | Stone Wall |
| 12:38 | Build | Stone Wall |
| 12:40 | Build | Stone Wall |
| 12:41 | Build | Stone Wall |
| 12:42 | Build | Stone Wall |
| 12:45 | Create | Militia |
| 12:46 | Create | Villager (Male) |
| 12:47 | Create | Skirmisher |
| 13:04 | Create | Skirmisher |
| 13:11 | Build | Farm |
| 13:24 | Create | Militia |
| 13:24 | Create | Skirmisher |
| 13:36 | Create | Skirmisher |
| 13:46 | Build | House |
| 13:47 | Build | House |
| 14:05 | Create | Militia |
| 14:06 | Create | Skirmisher |
| 14:38 | Create | Villager (Male) |
| 14:44 | Create | Militia |
| 14:46 | Build | House |
| 14:47 | Build | House |
| 15:02 | Create | Villager (Male) |
| 15:07 | Build | Farm |
| 15:13 | Create | Skirmisher |
| 15:24 | Build | Mill |
| 15:30 | Create | Skirmisher |
| 15:36 | Create | Villager (Male) |
| 15:54 | Create | Villager (Male) |
| 15:56 | Build | Blacksmith |
| 16:09 | Create | Skirmisher |
| 16:09 | Create | Skirmisher |
| 16:21 | Build | Farm |
| 16:22 | Build | Farm |
| 16:26 | Create | Militia |
| 16:30 | Create | Villager (Male) |
| 16:40 | Build | Farm |
| 16:48 | Build | House |
| 16:53 | Create | Militia |
| 16:54 | Create | Skirmisher |
| 17:16 | Research | Fletching |
| 17:16 | Research | Fletching |
| 17:34 | Build | Farm |
| 17:38 | Create | Villager (Male) |
| 17:44 | Create | Militia |
| 17:45 | Create | Skirmisher |
| 17:56 | Build | Farm |
| 17:57 | Create | Villager (Male) |
| 17:58 | Build | Farm |
| 18:02 | Build | Farm |
| 18:02 | Build | Farm |
| 18:10 | Create | Skirmisher |
| 18:11 | Create | Militia |
| 18:11 | Create | Villager (Male) |
| 18:33 | Research | Scale Mail Armor |
| 18:33 | Research | Scale Mail Armor |
| 19:03 | Create | Militia |
| 19:26 | Create | Militia |
| 19:27 | Create | Skirmisher |
| 19:27 | Research | Padded Archer Armor |
| 19:40 | Create | Skirmisher |
| 19:41 | Create | Villager (Male) |
| 19:44 | Build | Farm |
| 19:45 | Build | Farm |
| 19:46 | Build | Farm |
| 20:00 | Create | Villager (Male) |
| 20:08 | Build | Market |
| 20:17 | Create | Villager (Male) |
| 20:31 | Create | Skirmisher |
| 20:31 | Create | Skirmisher |
| 20:31 | Create | Villager (Male) |
| 20:36 | Build | Farm |
| 20:43 | Build | Farm |
| 20:45 | Create | Villager (Male) |
| 21:03 | Create | Skirmisher |
| 21:08 | Create | Villager (Male) |
| 21:35 | Build | Farm |
| 21:37 | Build | Farm |
| 21:37 | Build | Farm |
| 21:42 | Create | Skirmisher |
Match timeline
| 4:25 | _Platense · wall_segment Palisade Wall x1 |
| 4:26 | _Platense · wall_segment Palisade Wall x1 |
| 4:32 | _Platense · wall_segment Palisade Wall x1 |
| 4:34 | _Platense · wall_segment Palisade Wall x1 |
| 7:56 | MatzeAoE · first_building Barracks |
| 8:56 | _Platense · first_building Barracks |
| 9:31 | _Platense · wall_segment Palisade Wall x1 |
| 10:48 | MatzeAoE · age_up feudal |
| 11:09 | _Platense · wall_segment Palisade Wall x1 |
| 11:10 | _Platense · wall_segment Palisade Wall x1 |
| 11:15 | _Platense · wall_segment Palisade Wall x1 |
| 11:20 | _Platense · wall_segment Palisade Wall x1 |
| 11:21 | _Platense · wall_segment Palisade Wall x1 |
| 11:22 | _Platense · age_up feudal |
| 11:23 | _Platense · wall_segment Palisade Wall x1 |
| 11:30 | _Platense · first_building Archery Range |
| 11:57 | _Platense · wall_segment Palisade Wall x1 |
| 12:13 | MatzeAoE · first_building Archery Range |
| 12:37 | _Platense · wall_segment Stone Wall x1 |
| 12:38 | _Platense · wall_segment Stone Wall x1 |
| 12:40 | _Platense · wall_segment Stone Wall x1 |
| 12:41 | _Platense · wall_segment Stone Wall x1 |
| 12:42 | _Platense · wall_segment Stone Wall x1 |
| 21:01 | _Platense · first_market_sell 500 stone |
| 21:21 | _Platense · first_market_buy 100 food |
| 22:16 | _Platense · first_building Stable |
| 24:51 | _Platense · age_up castle |
| 25:59 | MatzeAoE · age_up castle |
| 27:19 | _Platense · resign |
[ AI ANALYSIS · 1 CREDIT ]
What really happened in this match?
Wolo.gg analyzes every decision: build order, eco, micro, common mistakes by bracket. Personalized analysis on WhatsApp or Discord in 30 seconds.
Civ guide
Persians
Perfil
Jugador #25940851